 Dungeon Crawl Stone Soup version 0.20-a0-537-g052e6ba (webtiles) character file.

252 Klosterheim the Firebug (level 5, 0/28 HPs)
             Began as a Deep Elf Fire Elementalist on Jan 27, 2017.
             Was a Follower of Vehumet.
             Slain by a wyvern skeleton (4 damage)
             ... on level 3 of the Dungeon.
             The game lasted 00:11:01 (3513 turns).

Klosterheim the Firebug (DEFE)                      Turns: 3513, Time: 00:11:01

Health: 0/28       AC:  3    Str:  5    XL:     5   Next: 89%
Magic:  7/14       EV: 13    Int: 21    God:    Vehumet [*.....]
Gold:   117        SH:  0    Dex: 15    Spells: 8/13 levels left

rFire    . . .     SeeInvis .   l - +1 whip (freeze)
rCold    + . .     Gourm    .   a - +0 robe
rNeg     . . .     Faith    .   (no shield)
rPois    .         Spirit   .   (no helmet)
rElec    .         Reflect  .   s - +0 cloak
rCorr    .         Harm     .   (no gloves)
MR       .....                  (no boots)
Stlth    ++........             (no amulet)
Regen    0.1/turn               (no ring)
                                m - ring of protection from cold

@: no status effects
A: no striking features
a: Renounce Religion


You were on level 3 of the Dungeon.
You worshipped Vehumet.
Vehumet was aware of your devotion.
You were hungry.

You visited 1 branch of the dungeon, and saw 3 of its levels.

You collected 117 gold pieces.

Inventory:

Hand Weapons
 l - a +1 whip of freezing (weapon)
Armour
 a - a +0 robe (worn)
 s - a +0 cloak (worn)
Jewellery
 m - a ring of protection from cold (left hand)
Scrolls
 d - a scroll of magic mapping
 f - 2 scrolls of identify {unknown}
 j - a scroll of remove curse {unknown}
 o - 2 scrolls of enchant armour {unknown}
 v - 2 scrolls of teleportation {unknown}
Potions
 e - a potion of ambrosia {unknown}
 h - 2 potions of mutation {unknown}
 i - 2 potions of brilliance {unknown}
 k - 2 potions of curing {unknown}
 p - a potion of haste {unknown}
 q - 3 potions of degeneration {unknown}
 t - 2 potions of agility {unknown}
 u - a potion of berserk rage {unknown}
Books
 b - a book of Flames

   Spells                             Type                      Level
   a - Flame Tongue                   Conjuration/Fire             1
   b - Throw Flame                    Conjuration/Fire             2
   c - Conjure Flame                  Conjuration/Fire             3
   d - Inner Flame                    Hexes/Fire                   3
   e - Sticky Flame                   Conjuration/Fire             4
   f - Fireball                       Conjuration/Fire             5
Comestibles
 c - 4 bread rations
 n - a royal jelly
 r - 2 meat rations
 w - 3 chunks of flesh


   Skills:
 - Level 2.4 Dodging
 - Level 2.4 Stealth
 + Level 4.9 Spellcasting
 + Level 3.3 Conjurations
 * Level 5.5 Fire Magic


You had 8 spell levels left.
You knew the following spells:

 Your Spells              Type           Power        Failure   Level  Hunger
a - Flame Tongue          Conj/Fire      ###..        1%          1    None
b - Sticky Flame          Conj/Fire      ###.....     21%         4    ####...


Dungeon Overview and Level Annotations

Branches:
Dungeon (3/15)

Altars:
Ru
Vehumet
Xom


Message History

Confirm with . or Enter, or press ? or * to list all spells.
Aiming: Flame Tongue
Press: ? - help, Shift-Dir - straight line, f/p - wyvern skeleton
Aim: a wyvern skeleton (lightly damaged)
The flame tongue hits the wyvern skeleton.
The wyvern skeleton is moderately damaged.
The wyvern skeleton misses you. The wyvern skeleton bites you!
* * * LOW HITPOINT WARNING * * *
Casting: Flame Tongue
Confirm with . or Enter, or press ? or * to list all spells.
Aiming: Sticky Flame
Press: ? - help, Shift-Dir - straight line, f/p - wyvern skeleton
Aim: a wyvern skeleton (moderately damaged)
The sticky flame hits the wyvern skeleton.
The wyvern skeleton is heavily damaged.
The wyvern skeleton is covered in liquid flames!
You are feeling hungry.
The wyvern skeleton burns!
The wyvern skeleton bites you.
You die...

#.##....#...#.....#** *,,,,,,*
#.##..#####.........# ******,*
#.......#...#####.#.# *,*
#######.#.#.# *.*.# *,* *...#.#
*.#.# *,* ##..#.# *...# *,*
#..#.# *#..# *,*
##########..#.######..##### *,*
................@Zww......# *,*
##########.#########..###.#*#**,*
####.....# #..###....,,,*
#........# #.....$#******
#........# #.#....#
#####.##.#.#.# #.#.####
.....[##.....# #.#.#
#####.####.### #.#.# #.# #.#
#.#.#


You could see a worm, a dart slug and a wyvern skeleton (burning).

Vanquished Creatures
  Terence (D:3)
  An orc wizard (D:2)
  4 gnolls (D:2)
  4 adders
  3 oozes
  3 worms
  A dart slug (D:1)
  2 leopard geckos (D:3)
  5 orcs (D:3)
  10 bats
  4 giant cockroaches
  11 goblins
  11 hobgoblins
  13 jackals
  A quokka (D:2)
  A ball python (D:3)
  A frilled lizard (D:1)
  8 kobolds
  9 rats
93 creatures vanquished.

Notes
Turn   | Place    | Note
-------+----------+-------------------------------------------
     0 | D:1      | Klosterheim the Deep Elf Fire Elementalist began the quest for the Orb.
     0 | D:1      | Reached XP level 1. HP: 10/10 MP: 6/6
   113 | D:1      | Reached XP level 2. HP: 12/15 MP: 5/8
   570 | D:1      | Reached skill level 4 in Fire Magic
   710 | D:1      | Reached XP level 3. HP: 19/19 MP: 2/10
  1288 | D:2      | Found a radiant altar of Vehumet.
  1306 | D:2      | Reached XP level 4. HP: 16/24 MP: 4/11
  1560 | D:2      | Became a worshipper of Vehumet
  1588 | D:2      | Learned a level 4 spell: Sticky Flame
  1738 | D:2      | Found a faded altar of an unknown god.
  1878 | D:2      | Found a shimmering altar of Xom.
  1886 | D:2      | Found a shimmering altar of Xom.
  1887 | D:2      | Found a shimmering altar of Xom.
  1898 | D:2      | Found a shimmering altar of Xom.
  2448 | D:3      | Reached * piety under Vehumet
  2448 | D:3      | Offered knowledge of Magic Dart by Vehumet.
  2477 | D:3      | Reached XP level 5. HP: 28/28 MP: 10/13
  2479 | D:3      | Reached skill level 5 in Fire Magic
  2957 | D:3      | Found a sacrificial altar of Ru.
  3060 | D:3      | Noticed Terence
  3067 | D:3      | Killed Terence
  3513 | D:3      | Slain by a wyvern skeleton

Vault maps used:
D:1:      dpeg_arrival_tiny_e
D:2:      xom_redecorated, vehumet_crystals,
          chequers_ecumenical_altar_simple_redux, minmay_door_square,
          grunt_decor_resistance, minmay_misc_feat_tower, minmay_misc_feat_chi
D:3:      overflow_temple_1_default, lightli_sewer_entry_pipes,
          minmay_misc_feat_tiny, minmay_three_crescents, uniq_terence

Skill      XL: |  1  2  3  4  5 |
---------------+----------------+-----
Fire Magic     | 4 5 |  5.5
Conjurations   | 2 3 |  3.3
Spellcasting   | 4 |  4.9
Dodging        | |  2.4
Stealth        | |  2.4

Action                   |  1- 3 |  4- 6 || total
-------------------------+-------+-------++-------
Melee: Unarmed           |     2 |       ||     2
       Whip              |       |    16 ||    16
 Cast: Flame Tongue      |    59 |   109 ||   168
       Sticky Flame      |       |     5 ||     5
  Use: Scroll            |       |     2 ||     2
 Stab: Sleeping          |       |     1 ||     1
  Eat: Chunk             |     1 |     7 ||     8
Armor: Robe              |     4 |    11 ||    15
Dodge: Dodged            |    16 |    29 ||    45
